[ AOE2 MATCH · #459026032 ]
UnrankedHindustanis vs Wei
[ REPLAY ANALYSIS · EXTRACTED FROM THE RECORDED GAME ]
Feudal
11:59
Castle
16:06
Imperial
32:42
| APM avg | 31.6 |
| APM peak | 83 |
| eAPM avg | 22.2 |
| Villagers / military | 133 / 563 |
Focus
⚔️ 60.0% · 🌾 40.0%
Skirmisher ×234 · Scout Cavalry ×208 · Hand Cannoneer ×41 · Ghulam ×31 · Camel Scout ×29 · Trebuchet (Packed) ×17
Feudal
14:43
Castle
18:37
Imperial
30:12
| APM avg | 15.2 |
| APM peak | 42 |
| eAPM avg | 11.6 |
| Villagers / military | 110 / 260 |
Focus
⚔️ 32.0% · 🌾 68.0%
Scout Cavalry ×135 · Unknown (1944) ×134 · Skirmisher ×125 · Unknown (1949) ×16 · Unknown (1942) ×5
Feudal
12:01
Castle
15:48
Imperial
35:25
| APM avg | 22.4 |
| APM peak | 77 |
| eAPM avg | 15.2 |
| Villagers / military | 110 / 279 |
Focus
⚔️ 42.6% · 🌾 57.4%
Archer ×257 · Trebuchet (Packed) ×16 · Shotel Warrior ×4 · Monk ×2
Feudal
14:07
Castle
18:57
Imperial
31:19
| APM avg | 16.7 |
| APM peak | 35 |
| eAPM avg | 12.5 |
| Villagers / military | 127 / 553 |
Focus
⚔️ 39.4% · 🌾 60.6%
Spearman ×272 · Skirmisher ×139 · Chu Ko Nu ×79 · Fire Lancer ×30 · Knight ×13 · Trebuchet (Packed) ×10
Match map
Initial resources + every placement click. Lines = walls · curves = elevation contours. ◆ gold · ⬟ stone · ● berries · ✦ relic · ◌ wall gap
Your base· ✓ Closed at 16:06 · 18t walls · 1 gate(s)
RF Kilillo's base· ✓ Closed at 18:37 · 14t walls · 1 gate(s)
PumaCapper's base· ✓ Closed at 15:48 · 9t walls · no gate
TENNOSUKE's base· ✓ Closed at 18:57 · 23t walls · 1 gate(s)
Smoothed initial terrain · ◌ = detected wall gap · hover for details
Inputs per minute
— Urgabomber - - RF Kilillo
Build order — Urgabomber
First 150 of 903 actions detected
| 0:04 | Build | House |
| 0:07 | Build | House |
| 0:08 | Create | Villager (Male) |
| 0:09 | Create | Villager (Male) |
| 0:09 | Create | Villager (Male) |
| 0:09 | Create | Villager (Male) |
| 1:09 | Create | Villager (Male) |
| 1:49 | Create | Villager (Male) |
| 1:50 | Create | Villager (Male) |
| 1:59 | Build | Lumber Camp |
| 2:04 | Create | Villager (Male) |
| 2:32 | Create | Villager (Male) |
| 3:10 | Build | House |
| 3:15 | Create | Villager (Male) |
| 3:15 | Create | Villager (Male) |
| 3:55 | Create | Villager (Male) |
| 4:27 | Build | Mill |
| 4:31 | Create | Villager (Male) |
| 4:54 | Create | Villager (Male) |
| 4:55 | Create | Villager (Male) |
| 5:19 | Create | Villager (Male) |
| 5:34 | Build | House |
| 5:49 | Create | Villager (Male) |
| 6:14 | Create | Villager (Male) |
| 6:15 | Create | Villager (Male) |
| 6:53 | Create | Villager (Male) |
| 6:54 | Create | Villager (Male) |
| 6:54 | Create | Villager (Male) |
| 7:05 | Build | House |
| 7:23 | Create | Villager (Male) |
| 7:42 | Create | Villager (Male) |
| 8:36 | Create | Villager (Male) |
| 8:51 | Build | Mining Camp |
| 9:49 | Research | Feudal Age |
| 10:00 | Build | Palisade Wall |
| 10:05 | Build | Palisade Gate |
| 10:38 | Create | Villager (Male) |
| 11:20 | Build | Farm |
| 11:24 | Build | Farm |
| 11:30 | Build | Farm |
| 11:59 | Age | Feudal Age |
| 12:09 | Build | House |
| 12:20 | Build | Blacksmith |
| 12:27 | Build | Market |
| 12:32 | Build | Farm |
| 12:36 | Create | Villager (Male) |
| 12:36 | Create | Villager (Male) |
| 13:24 | Research | Castle Age |
| 13:30 | Build | Mining Camp |
| 13:38 | Research | Double-Bit Axe |
| 13:57 | Create | Villager (Male) |
| 14:16 | Research | Horse Collar |
| 14:43 | Build | Lumber Camp |
| 16:06 | Age | Castle Age |
| 16:10 | Build | Town Center |
| 16:16 | Create | Villager (Male) |
| 16:16 | Create | Villager (Male) |
| 16:17 | Create | Villager (Male) |
| 16:19 | Research | Heavy Plow |
| 16:28 | Research | Bow Saw |
| 16:40 | Build | Barracks |
| 16:47 | Create | Villager (Male) |
| 16:48 | Create | Villager (Male) |
| 17:02 | Build | House |
| 17:19 | Create | Villager (Male) |
| 17:23 | Build | Farm |
| 17:32 | Build | Farm |
| 17:34 | Build | Farm |
| 17:37 | Build | Farm |
| 17:42 | Build | Farm |
| 17:48 | Build | Farm |
| 17:50 | Create | Villager (Male) |
| 17:56 | Build | Farm |
| 18:07 | Build | House |
| 18:11 | Create | Villager (Male) |
| 18:11 | Create | Villager (Male) |
| 18:23 | Build | Farm |
| 18:27 | Create | Villager (Male) |
| 18:27 | Create | Villager (Male) |
| 18:27 | Create | Villager (Male) |
| 18:54 | Create | Villager (Male) |
| 18:55 | Create | Villager (Male) |
| 19:10 | Build | Town Center |
| 19:20 | Create | Villager (Male) |
| 19:20 | Create | Villager (Male) |
| 19:20 | Create | Villager (Male) |
| 19:49 | Build | Lumber Camp |
| 19:55 | Create | Villager (Male) |
| 19:55 | Create | Villager (Male) |
| 19:55 | Create | Villager (Male) |
| 19:59 | Build | Farm |
| 20:21 | Build | Stable |
| 20:39 | Research | Wheelbarrow |
| 20:40 | Create | Villager (Male) |
| 20:53 | Create | Villager (Male) |
| 21:06 | Build | Farm |
| 21:08 | Create | Villager (Male) |
| 21:09 | Create | Villager (Male) |
| 21:09 | Create | Villager (Male) |
| 21:14 | Build | Farm |
| 21:23 | Build | Stable |
| 21:27 | Create | Villager (Male) |
| 21:33 | Build | Farm |
| 21:38 | Build | Farm |
| 21:42 | Create | Villager (Male) |
| 21:42 | Create | Villager (Male) |
| 21:42 | Create | Villager (Male) |
| 21:42 | Create | Villager (Male) |
| 21:51 | Build | Farm |
| 21:52 | Build | Farm |
| 21:52 | Build | Farm |
| 21:52 | Build | Farm |
| 21:53 | Build | Farm |
| 21:53 | Build | Farm |
| 21:53 | Build | Farm |
| 21:53 | Build | Farm |
| 22:06 | Create | Villager (Male) |
| 22:10 | Build | House |
| 22:16 | Build | Farm |
| 22:18 | Create | Villager (Male) |
| 22:19 | Create | Villager (Male) |
| 22:19 | Create | Villager (Male) |
| 22:25 | Build | Farm |
| 22:40 | Create | Camel Scout |
| 22:47 | Build | House |
| 22:50 | Build | House |
| 23:04 | Build | Farm |
| 23:09 | Create | Camel Scout |
| 23:10 | Create | Camel Scout |
| 23:10 | Create | Camel Scout |
| 23:10 | Create | Camel Scout |
| 23:14 | Build | Farm |
| 23:21 | Build | House |
| 23:32 | Build | Town Center |
| 23:43 | Research | Bloodlines |
| 23:49 | Create | Villager (Male) |
| 23:49 | Create | Villager (Male) |
| 23:53 | Build | Farm |
| 23:56 | Build | Farm |
| 24:06 | Build | Farm |
| 24:17 | Build | House |
| 24:20 | Create | Camel Scout |
| 24:20 | Create | Camel Scout |
| 24:20 | Create | Camel Scout |
| 24:20 | Create | Camel Scout |
| 24:21 | Create | Camel Scout |
| 24:24 | Build | Farm |
| 24:28 | Build | Farm |
| 24:30 | Create | Villager (Male) |
| 24:30 | Create | Villager (Male) |
Build order — RF Kilillo
First 150 of 380 actions detected
| 0:07 | Build | House |
| 0:08 | Create | Villager (Male) |
| 0:09 | Create | Villager (Male) |
| 0:09 | Create | Villager (Male) |
| 0:09 | Create | Villager (Male) |
| 0:24 | Build | House |
| 0:26 | Build | House |
| 0:26 | Build | House |
| 1:32 | Create | Villager (Male) |
| 2:02 | Create | Villager (Male) |
| 2:38 | Build | Palisade Wall |
| 2:45 | Create | Villager (Male) |
| 3:38 | Create | Villager (Male) |
| 3:38 | Create | Villager (Male) |
| 3:55 | Create | Villager (Male) |
| 4:37 | Create | Villager (Male) |
| 4:37 | Create | Villager (Male) |
| 4:51 | Build | Mill |
| 5:10 | Create | Villager (Male) |
| 5:32 | Create | Villager (Male) |
| 5:46 | Build | Palisade Gate |
| 5:48 | Create | Villager (Male) |
| 6:19 | Create | Villager (Male) |
| 6:19 | Create | Villager (Male) |
| 7:45 | Create | Villager (Male) |
| 7:46 | Create | Villager (Male) |
| 7:46 | Create | Villager (Male) |
| 7:53 | Build | Mining Camp |
| 8:21 | Build | Mining Camp |
| 8:34 | Build | House |
| 8:35 | Build | House |
| 8:36 | Build | House |
| 8:37 | Build | House |
| 8:55 | Build | Lumber Camp |
| 9:13 | Create | Villager (Male) |
| 9:14 | Create | Villager (Male) |
| 9:14 | Create | Villager (Male) |
| 10:13 | Create | Villager (Male) |
| 10:13 | Create | Villager (Male) |
| 10:34 | Build | Farm |
| 11:03 | Create | Villager (Male) |
| 11:04 | Create | Villager (Male) |
| 12:21 | Build | Barracks |
| 12:33 | Research | Feudal Age |
| 12:41 | Build | Farm |
| 12:41 | Build | Farm |
| 12:42 | Build | Farm |
| 12:43 | Build | Farm |
| 12:45 | Build | Farm |
| 12:45 | Build | Farm |
| 14:43 | Age | Feudal Age |
| 14:50 | Build | Market |
| 14:56 | Build | Blacksmith |
| 15:05 | Create | Villager (Male) |
| 15:05 | Create | Villager (Male) |
| 15:21 | Build | Stable |
| 15:57 | Research | Castle Age |
| 16:13 | Research | Double-Bit Axe |
| 16:18 | Research | Horse Collar |
| 16:33 | Research | Stone Mining |
| 16:56 | Build | Farm |
| 17:33 | Research | Gold Mining |
| 18:29 | Create | Villager (Male) ×5 |
| 18:37 | Age | Castle Age |
| 18:41 | Build | Town Center |
| 19:11 | Research | Bow Saw |
| 19:37 | Build | Town Center |
| 19:49 | Research | Heavy Plow |
| 19:52 | Create | Villager (Male) ×3 |
| 20:25 | Build | Stone Wall |
| 20:33 | Build | Gate |
| 20:43 | Create | Villager (Male) |
| 20:43 | Create | Villager (Male) |
| 20:46 | Create | Villager (Male) |
| 20:51 | Create | Villager (Male) |
| 20:51 | Create | Villager (Male) |
| 21:12 | Build | Farm |
| 21:19 | Build | Farm |
| 21:23 | Create | Villager (Male) |
| 21:24 | Create | Villager (Male) |
| 21:36 | Build | Farm |
| 21:42 | Create | Villager (Male) |
| 21:50 | Create | Villager (Male) |
| 21:53 | Create | Villager (Male) |
| 21:56 | Build | Farm |
| 22:01 | Build | Farm |
| 22:13 | Create | Villager (Male) |
| 22:18 | Create | Villager (Male) |
| 22:23 | Build | Farm |
| 22:29 | Build | House |
| 22:29 | Build | House |
| 22:30 | Build | House |
| 22:31 | Build | House |
| 22:32 | Build | House |
| 22:38 | Build | Farm |
| 22:40 | Create | Villager (Male) |
| 22:41 | Create | Villager (Male) |
| 22:45 | Create | Villager (Male) |
| 23:01 | Create | Unit 1944 |
| 23:10 | Build | Farm |
| 23:11 | Build | Farm |
| 23:12 | Build | Farm |
| 23:12 | Build | Farm |
| 23:13 | Build | Farm |
| 23:14 | Build | Farm |
| 23:17 | Build | Farm |
| 23:19 | Create | Villager (Male) |
| 23:19 | Create | Villager (Male) |
| 23:23 | Create | Villager (Male) |
| 23:26 | Build | Farm |
| 23:34 | Create | Villager (Male) |
| 23:44 | Build | Castle |
| 24:03 | Create | Villager (Male) |
| 24:03 | Create | Villager (Male) |
| 24:05 | Create | Villager (Male) |
| 24:06 | Create | Villager (Male) |
| 24:08 | Build | Farm |
| 24:12 | Build | Farm |
| 24:17 | Build | Farm |
| 24:20 | Create | Villager (Male) |
| 24:30 | Build | Farm |
| 24:35 | Build | Farm |
| 24:37 | Create | Villager (Male) |
| 24:38 | Create | Villager (Male) |
| 24:40 | Create | Villager (Male) |
| 24:59 | Build | Siege Workshop |
| 25:03 | Build | Stable |
| 25:05 | Build | Stable |
| 25:12 | Build | Farm |
| 25:14 | Build | Farm |
| 25:15 | Create | Villager (Male) |
| 25:16 | Create | Villager (Male) |
| 25:19 | Create | Villager (Male) |
| 25:20 | Create | Villager (Male) |
| 25:22 | Build | Farm |
| 25:25 | Create | Villager (Male) |
| 25:26 | Create | Villager (Male) |
| 25:36 | Build | Farm |
| 25:55 | Build | Farm |
| 26:01 | Build | Farm |
| 26:04 | Create | Villager (Male) |
| 26:06 | Create | Villager (Male) |
| 26:15 | Build | Farm |
| 26:18 | Build | Farm |
| 26:45 | Build | Siege Workshop |
| 26:48 | Build | Stable |
| 26:54 | Build | Farm |
| 26:56 | Build | Farm |
| 27:02 | Research | Imperial Age |
| 27:08 | Create | Villager (Male) |
Build order — PumaCapper
First 150 of 507 actions detected
| 0:01 | Create | Villager (Male) |
| 0:01 | Create | Villager (Male) |
| 0:01 | Create | Villager (Male) |
| 0:02 | Build | House |
| 0:04 | Build | House |
| 0:18 | Create | Villager (Male) |
| 1:35 | Create | Villager (Male) |
| 1:50 | Build | Lumber Camp |
| 2:01 | Create | Villager (Male) |
| 2:33 | Create | Villager (Male) |
| 3:00 | Create | Villager (Male) |
| 3:00 | Create | Villager (Male) |
| 3:07 | Create | Villager (Male) |
| 3:07 | Create | Villager (Male) |
| 3:39 | Create | Villager (Male) |
| 3:55 | Build | House |
| 4:15 | Create | Villager (Male) |
| 4:28 | Build | Mill |
| 4:42 | Build | Palisade Wall |
| 4:58 | Create | Villager (Male) |
| 4:58 | Create | Villager (Male) |
| 4:58 | Create | Villager (Male) |
| 4:58 | Create | Villager (Male) |
| 5:51 | Build | Palisade Wall |
| 6:29 | Build | House |
| 6:53 | Create | Villager (Male) |
| 6:53 | Create | Villager (Male) |
| 7:46 | Create | Villager (Male) |
| 7:47 | Create | Villager (Male) |
| 7:47 | Create | Villager (Male) |
| 7:49 | Create | Villager (Male) |
| 7:49 | Create | Villager (Male) |
| 8:57 | Research | Feudal Age |
| 9:13 | Build | Farm |
| 9:16 | Build | Farm |
| 11:12 | Build | Farm |
| 11:12 | Build | Farm |
| 11:13 | Build | Farm |
| 11:13 | Build | Farm |
| 12:01 | Age | Feudal Age |
| 12:06 | Build | Market |
| 12:12 | Build | Blacksmith |
| 12:42 | Build | Mining Camp |
| 13:08 | Research | Castle Age |
| 13:08 | Research | Castle Age |
| 13:15 | Build | House |
| 14:20 | Build | House |
| 14:32 | Create | Villager (Male) |
| 15:48 | Age | Castle Age |
| 15:52 | Build | Town Center |
| 16:02 | Build | Town Center |
| 16:10 | Create | Villager (Male) |
| 16:23 | Create | Villager (Male) |
| 16:34 | Research | Loom |
| 16:35 | Research | Wheelbarrow |
| 16:40 | Research | Double-Bit Axe |
| 16:56 | Research | Horse Collar |
| 17:01 | Create | Villager (Male) |
| 17:17 | Research | Bow Saw |
| 17:21 | Research | Heavy Plow |
| 17:27 | Create | Villager (Male) |
| 17:40 | Build | House |
| 17:51 | Create | Villager (Male) |
| 17:54 | Create | Villager (Male) |
| 18:09 | Build | Farm |
| 18:12 | Build | Farm |
| 18:16 | Build | Farm |
| 18:24 | Create | Villager (Male) |
| 18:25 | Create | Villager (Male) |
| 18:51 | Build | House |
| 18:52 | Create | Villager (Male) |
| 19:00 | Create | Villager (Male) |
| 19:04 | Build | Farm |
| 19:11 | Create | Villager (Male) |
| 19:11 | Create | Villager (Male) |
| 19:11 | Create | Villager (Male) |
| 19:24 | Build | Barracks |
| 19:28 | Create | Villager (Male) |
| 19:33 | Build | Farm |
| 19:41 | Create | Villager (Male) |
| 19:54 | Research | Fletching |
| 19:56 | Research | Padded Archer Armor |
| 19:59 | Create | Villager (Male) |
| 20:07 | Build | University |
| 20:24 | Build | Palisade Gate |
| 20:42 | Build | Archery Range |
| 20:43 | Create | Villager (Male) |
| 20:45 | Create | Villager (Male) |
| 20:45 | Create | Villager (Male) |
| 20:45 | Create | Villager (Male) |
| 20:45 | Create | Villager (Male) |
| 20:46 | Create | Villager (Male) |
| 21:04 | Research | Gold Mining |
| 21:16 | Build | Lumber Camp |
| 21:23 | Create | Villager (Male) |
| 21:23 | Create | Villager (Male) |
| 21:28 | Build | Farm |
| 21:33 | Create | Villager (Male) |
| 21:39 | Build | Farm |
| 21:44 | Build | Farm |
| 21:59 | Build | Archery Range |
| 22:01 | Create | Villager (Male) |
| 22:01 | Create | Villager (Male) |
| 22:09 | Create | Villager (Male) |
| 22:19 | Build | Farm |
| 22:21 | Build | Farm |
| 22:24 | Build | Farm |
| 22:25 | Create | Villager (Male) |
| 22:31 | Create | Villager (Male) |
| 22:35 | Build | Farm |
| 22:40 | Build | Farm |
| 22:43 | Create | Villager (Male) |
| 22:56 | Build | House |
| 22:57 | Build | House |
| 23:10 | Create | Archer |
| 23:10 | Create | Archer |
| 23:11 | Create | Archer |
| 23:15 | Create | Villager (Male) |
| 23:15 | Create | Villager (Male) |
| 23:16 | Create | Villager (Male) |
| 23:18 | Build | Farm |
| 23:27 | Create | Archer |
| 23:36 | Research | Leather Archer Armor |
| 23:41 | Create | Villager (Male) |
| 23:41 | Create | Villager (Male) |
| 23:49 | Build | House |
| 23:51 | Build | Farm |
| 24:05 | Research | Ballistics |
| 24:08 | Create | Villager (Male) |
| 24:38 | Build | Town Center |
| 24:49 | Create | Villager (Male) |
| 25:01 | Build | Monastery |
| 25:02 | Create | Villager (Male) |
| 25:02 | Create | Villager (Male) |
| 25:06 | Create | Villager (Male) |
| 25:18 | Create | Villager (Male) |
| 25:19 | Create | Villager (Male) |
| 25:28 | Build | House |
| 25:29 | Create | Villager (Male) |
| 25:31 | Research | Crossbowman (upgrade) |
| 25:41 | Create | Villager (Male) |
| 25:55 | Create | Villager (Male) |
| 25:55 | Create | Villager (Male) |
| 26:07 | Create | Villager (Male) |
| 26:13 | Research | Hand Cart |
| 26:20 | Create | Monk |
| 26:20 | Create | Monk |
| 26:26 | Build | House |
| 26:26 | Build | House |
| 26:27 | Build | House |
Build order — TENNOSUKE
First 150 of 450 actions detected
| 0:47 | Create | Villager (Male) |
| 1:16 | Create | Villager (Male) |
| 1:41 | Create | Villager (Male) |
| 2:06 | Create | Villager (Male) |
| 2:07 | Create | Villager (Male) |
| 2:20 | Build | House |
| 2:22 | Build | House |
| 2:31 | Create | Villager (Male) |
| 3:03 | Create | Villager (Male) |
| 3:17 | Build | Palisade Wall |
| 3:37 | Create | Villager (Male) |
| 3:37 | Create | Villager (Male) |
| 3:37 | Create | Villager (Male) |
| 4:05 | Create | Villager (Male) |
| 4:35 | Create | Villager (Male) |
| 5:03 | Build | Palisade Wall |
| 5:13 | Build | Palisade Gate |
| 5:17 | Create | Villager (Male) |
| 5:17 | Create | Villager (Male) |
| 5:37 | Create | Villager (Male) |
| 6:03 | Create | Villager (Male) |
| 6:35 | Build | Mill |
| 6:42 | Create | Villager (Male) |
| 6:42 | Create | Villager (Male) |
| 6:42 | Create | Villager (Male) |
| 7:04 | Build | House |
| 7:05 | Build | House |
| 7:11 | Build | Lumber Camp |
| 7:14 | Create | Villager (Male) |
| 7:43 | Create | Villager (Male) |
| 7:44 | Create | Villager (Male) |
| 8:01 | Build | House |
| 8:03 | Build | House |
| 8:09 | Build | Barracks |
| 8:41 | Build | Farm |
| 8:41 | Build | Farm |
| 8:42 | Build | Farm |
| 8:42 | Build | Farm |
| 8:42 | Build | Farm |
| 8:51 | Create | Villager (Male) |
| 8:52 | Create | Villager (Male) |
| 8:52 | Create | Villager (Male) |
| 8:58 | Build | Farm |
| 8:59 | Build | Farm |
| 8:59 | Build | Farm |
| 8:59 | Build | Farm |
| 9:00 | Build | Farm |
| 9:01 | Create | Villager (Male) |
| 9:33 | Build | Farm |
| 9:34 | Build | Farm |
| 9:34 | Build | Farm |
| 9:34 | Build | Farm |
| 9:35 | Build | Farm |
| 10:02 | Build | Farm |
| 10:02 | Build | Farm |
| 10:05 | Create | Villager (Male) |
| 10:20 | Create | Villager (Male) |
| 10:28 | Build | Mining Camp |
| 11:11 | Create | Villager (Male) |
| 11:37 | Build | Mill |
| 11:43 | Research | Feudal Age |
| 11:58 | Build | House |
| 12:00 | Build | House |
| 12:14 | Build | Mining Camp |
| 14:07 | Age | Feudal Age |
| 14:08 | Research | Wheelbarrow |
| 14:11 | Research | Double-Bit Axe |
| 14:13 | Research | Horse Collar |
| 14:15 | Create | Villager (Male) |
| 14:35 | Build | Blacksmith |
| 14:43 | Build | Archery Range |
| 14:47 | Build | Stable |
| 15:41 | Create | Villager (Male) |
| 16:17 | Research | Castle Age |
| 16:27 | Build | House |
| 16:29 | Build | House |
| 16:30 | Build | House |
| 16:31 | Build | House |
| 16:33 | Build | House |
| 16:49 | Create | Scout Cavalry |
| 16:51 | Create | Scout Cavalry |
| 18:57 | Age | Castle Age |
| 19:01 | Build | Town Center |
| 19:07 | Create | Villager (Male) |
| 19:07 | Create | Villager (Male) |
| 19:07 | Create | Villager (Male) |
| 19:08 | Create | Villager (Male) |
| 19:08 | Create | Villager (Male) |
| 19:21 | Build | Town Center |
| 19:32 | Research | Stone Mining |
| 19:46 | Create | Villager (Male) |
| 19:47 | Create | Villager (Male) |
| 19:47 | Create | Villager (Male) |
| 19:47 | Create | Villager (Male) |
| 19:48 | Create | Villager (Male) |
| 20:13 | Create | Villager (Male) |
| 20:14 | Create | Villager (Male) |
| 20:14 | Create | Villager (Male) |
| 20:18 | Create | Villager (Male) |
| 20:19 | Create | Villager (Male) |
| 20:38 | Create | Villager (Male) |
| 20:39 | Create | Villager (Male) |
| 20:41 | Create | Villager (Male) |
| 21:17 | Create | Villager (Male) |
| 21:19 | Create | Villager (Male) |
| 21:33 | Build | Farm |
| 21:34 | Build | Farm |
| 21:34 | Build | Farm |
| 21:34 | Build | Farm |
| 21:35 | Build | Farm |
| 21:35 | Build | Farm |
| 21:36 | Build | Farm |
| 21:37 | Build | Farm |
| 21:45 | Build | Farm |
| 21:47 | Build | Farm |
| 21:50 | Create | Villager (Male) |
| 21:50 | Create | Villager (Male) |
| 21:54 | Create | Villager (Male) |
| 21:56 | Create | Villager (Male) |
| 22:16 | Build | Farm |
| 22:17 | Build | Farm |
| 22:17 | Build | Farm |
| 22:18 | Build | Farm |
| 22:19 | Build | Farm |
| 22:19 | Build | Farm |
| 22:20 | Build | Farm |
| 22:21 | Build | Farm |
| 22:31 | Build | Farm |
| 22:37 | Create | Villager (Male) |
| 22:38 | Create | Villager (Male) |
| 22:40 | Create | Villager (Male) |
| 23:02 | Build | Castle |
| 23:07 | Build | Mining Camp |
| 23:12 | Create | Villager (Male) |
| 23:14 | Create | Villager (Male) |
| 23:15 | Research | Hand Cart |
| 23:16 | Create | Villager (Male) |
| 23:26 | Build | Farm |
| 23:26 | Build | Farm |
| 23:27 | Build | Farm |
| 23:27 | Build | Farm |
| 23:27 | Build | Farm |
| 23:48 | Create | Villager (Male) |
| 23:48 | Create | Villager (Male) |
| 23:49 | Create | Villager (Male) |
| 23:49 | Create | Villager (Male) |
| 24:00 | Build | Farm |
| 24:00 | Build | Farm |
| 24:01 | Build | Farm |
| 24:01 | Build | Farm |
Match timeline
| 2:38 | RF Kilillo · wall_segment Palisade Wall x14 |
| 3:17 | TENNOSUKE · wall_segment Palisade Wall x10 |
| 4:42 | PumaCapper · wall_segment Palisade Wall x4 |
| 5:03 | TENNOSUKE · wall_segment Palisade Wall x13 |
| 5:51 | PumaCapper · wall_segment Palisade Wall x5 |
| 8:09 | TENNOSUKE · first_building Barracks |
| 10:00 | Urgabomber · wall_segment Palisade Wall x18 |
| 11:59 | Urgabomber · age_up feudal |
| 12:01 | PumaCapper · age_up feudal |
| 12:21 | RF Kilillo · first_building Barracks |
| 14:07 | TENNOSUKE · age_up feudal |
| 14:43 | RF Kilillo · age_up feudal |
| 14:43 | TENNOSUKE · first_building Archery Range |
| 14:47 | TENNOSUKE · first_building Stable |
| 15:21 | RF Kilillo · first_building Stable |
| 15:48 | PumaCapper · age_up castle |
| 16:06 | Urgabomber · age_up castle |
| 16:40 | Urgabomber · first_building Barracks |
| 16:51 | PumaCapper · first_market_buy 100 wood |
| 18:37 | RF Kilillo · age_up castle |
| 18:57 | TENNOSUKE · age_up castle |
| 19:24 | PumaCapper · first_building Barracks |
| 20:21 | Urgabomber · first_building Stable |
| 20:25 | RF Kilillo · wall_segment Stone Wall x15 |
| 20:42 | PumaCapper · first_building Archery Range |
| 23:02 | TENNOSUKE · first_building Castle |
| 23:44 | RF Kilillo · first_building Castle |
| 24:51 | Urgabomber · first_building Castle |
| 24:59 | RF Kilillo · first_building Siege Workshop |
| 25:01 | PumaCapper · first_building Monastery |
| 26:00 | Urgabomber · first_building Archery Range |
| 26:28 | TENNOSUKE · first_building Monastery |
| 29:29 | Urgabomber · first_market_sell 100 wood |
| 30:12 | RF Kilillo · age_up imperial |
| 30:33 | PumaCapper · first_building Castle |
| 31:19 | TENNOSUKE · age_up imperial |
| 32:12 | PumaCapper · first_market_sell 100 wood |
| 32:42 | Urgabomber · age_up imperial |
| 33:52 | RF Kilillo · first_market_sell 500 stone |
| 35:25 | PumaCapper · age_up imperial |
| 40:07 | TENNOSUKE · first_building Siege Workshop |
| 51:00 | RF Kilillo · first_building Archery Range |
| 55:19 | TENNOSUKE · first_market_sell 100 wood |
| 57:45 | TENNOSUKE · resign |
[ AI ANALYSIS · 1 CREDIT ]
What really happened in this match?
Wolo.gg analyzes every decision: build order, eco, micro, common mistakes by bracket. Personalized analysis on WhatsApp or Discord in 30 seconds.
Civ guide
Hindustanis
Perfil
Jugador #3375245